 Dungeon Crawl Stone Soup version 0.17.2-1-ge4368a0 (webtiles) character file.

70 Goblin1989 the Chucker (level 4, 41/41 HPs)
             Began as a Troll Hunter on Sept 26, 2016.
             Quit the game on level 2 of the Dungeon.
             The game lasted 00:03:17 (970 turns).

Goblin1989 the Chucker (Troll Hunter)                Turns: 970, Time: 00:03:18

Health: 41/41      AC:  6    Str: 20    XL:     4   Next: 4%
Magic:  3/3        EV: 10    Int:  7    God:
Gold:   85         SH:  0    Dex: 11    Spells: 0 memorised, 3 levels left

rFire  . . .     SeeInvis .     (no weapon)
rCold  . . .     Clarity  .     b - +0 robe
rNeg   . . .     SustAt   .     (no shield)
rPois  .         Gourm    +     (helmet restricted)
rElec  .         Spirit   .     r - +0 cloak
rCorr  .         Warding  .     (gloves unavailable)
rMut   .         Stasis   .     (boots unavailable)
MR     .....                    (no amulet)
Stlth  +.........               (no ring)
                                (no ring)

@: not resistant to hostile enchantments, very unstealthy
A: unfitting armour, claws 3, fast metabolism 3, gourmand, regeneration 2,
shaggy fur 1, tough skin 2
a: no special abilities


You were on level 2 of the Dungeon.
You were very full.

You visited 1 branch of the dungeon, and saw 2 of its levels.

You collected 85 gold pieces.

Inventory:

Hand Weapons
 a - a +0 short sword
Missiles
 c - 5 large rocks (quivered)
 Z - 2 throwing nets
Armour
 b - a +0 robe (worn)
 r - a +0 cloak (worn)
Jewellery
 h - an uncursed amulet of rage {unknown}
 k - an uncursed ring of protection from magic {unknown}
Scrolls
 d - 3 scrolls of identify {unknown}
 j - a scroll of enchant weapon {unknown}
 l - a scroll of remove curse {unknown}
 n - a scroll of enchant armour {unknown}
 o - a scroll of teleportation {unknown}
 p - a scroll of blinking {unknown}
Potions
 f - a potion of haste {unknown}
 i - 3 potions of curing {unknown}
 m - a potion of mutation {unknown}
Comestibles
 e - 4 bread rations
 g - a beef jerky
 q - a royal jelly


   Skills:
 - Level 1.5 Fighting
 * Level 3.0 Short Blades
 - Level 3.6 Throwing
 - Level 1.5 Dodging
 - Level 0.4 Stealth


You had 3 spell levels left.
You didn't know any spells.

Dungeon Overview and Level Annotations

Branches:
Dungeon (2/15)

Altars:
Xom


Innate Abilities, Weirdness & Mutations

You are too large for most types of armour.
You have claws for hands.
Your metabolism is lightning-fast.
You like to eat raw meat.
You heal very quickly.
You are covered in fur (AC +1).
You have very tough skin (AC +2).


Message History

You continue eating. x2
Found a dagger.
There is a shimmering altar of Xom here.
There is a shimmering altar of Xom here.
There is a stone staircase leading down here.
An adder comes into view.
The adder barely misses you.
You miss the adder. The adder bites you but does no damage.
You closely miss the adder. The adder closely misses you.
The adder bites you but does no damage.
You claw the adder!
You kill the adder!
Your Short Blades skill increases to level 3!
You have reached level 4!
Done exploring.
Drop what? 19/52 slots (_ for help) (? for menu, Esc to quit)
Okay, then.
Are you sure you want to abandon this character and quit the game? (Confirm with "yes".)
Okay, then.
Are you sure you want to abandon this character and quit the game? (Confirm with "yes".) ਜਜਜਜਜਜਜਜ

ਜਜਜਜਜਜਜਜਜਜ......ਜ
.........ਜ......ਜ
.......ਜ........ਜਜਜਜ
........ਜਜ.........ਜ
........ਜਜ.........ਜ
........ਜਜ...ਜਜਜ@..ਜ
...........ਜਜਜ.....ਜ
...................ਜ
...........ਜਜਜਜਜ...ਜ
.........ਜਜਜ ਜ...ਜ
........ਜਜ


ਜਜਜਜਜ ..>.....ਜ ........ਜਜਜਜ .........(.ਜ There were no monsters in sight!

Vanquished Creatures
  4 adders (D:2)
  A giant gecko (D:1)
  3 bats
  A giant cockroach (D:1)
  5 hobgoblins
  8 jackals
  2 ball pythons (D:1)
  3 giant newts (D:1)
  4 goblins
  3 kobolds
  4 rats
38 creatures vanquished.

Notes
Turn   | Place    | Note
--------------------------------------------------------------
     0 | D:1      | Goblin1989 the Troll Hunter began the quest for the Orb.
     0 | D:1      | Reached XP level 1. HP: 19/19 MP: 0/0
   101 | D:1      | Reached skill level 1 in Short Blades
   113 | D:1      | Reached XP level 2. HP: 18/27 MP: 1/1
   575 | D:2      | Reached XP level 3. HP: 33/33 MP: 2/2
   647 | D:2      | Found a shimmering altar of Xom.
   649 | D:2      | Found a shimmering altar of Xom.
   649 | D:2      | Found a shimmering altar of Xom.
   650 | D:2      | Found a shimmering altar of Xom.
   668 | D:2      | Found a shimmering altar of Xom.
   953 | D:2      | Reached XP level 4. HP: 41/41 MP: 3/3
   970 | D:2      | Quit the game

Action                   |  1- 3 |  4- 6 || total
-------------------------+-------+-------++-------
Melee: Unarmed           |   127 |       ||   127
  Eat: Chunk             |    13 |       ||    13

Vault maps used:
D:1:      ncdulo_lavacross
D:2:      xom_redecorated
